 Dungeon Crawl Stone Soup version 0.23.2-1-ga50397a6bc (webtiles) character file.

Game seed: 1035377009261255448

25 Gumption the Sneak (level 2, 0/13 HPs)
             Began as a Spriggan Enchanter on May 28, 2019.
             Succumbed to an adder's poison
             ... on level 1 of the Dungeon.
             The game lasted 00:08:03 (1468 turns).

Gumption the Sneak (Spriggan Enchanter)             Turns: 1468, Time: 00:08:03

Health: 0/13       AC:  2    Str:  4    XL:     2   Next: 86%
Magic:  7/7        EV: 18    Int: 16    God:
Gold:   31         SH:  0    Dex: 16    Spells: 4/7 levels left

rFire    . . .     SeeInvis +   a - +1 dagger
rCold    . . .     Gourm    .   (shield restricted)
rNeg     . . .     Faith    .   b - +0 robe
rPois    .         Spirit   .   (helmet restricted)
rElec    .         Reflect  .   (no cloak)
rCorr    .         Harm     .   (gloves unavailable)
MR       .....                  (boots unavailable)
Stlth    +++.......             (no amulet)
HPRegen  0.04/turn              (no ring)
MPRegen  0.10/turn              (no ring)

@: lethally poisoned (0 -> -2), flying, very quick
A: very small, unfitting armour, see invisible, herbivore, speed 3, slow
metabolism 2
a: no special abilities


You were on level 1 of the Dungeon.
You were not hungry.

You visited 1 branch of the dungeon, and saw 2 of its levels.

You collected 31 gold pieces.

Inventory:

Hand Weapons
 a - a +1 dagger (weapon)
Missiles
 c - 47 stones (quivered)
Armour
 b - a +0 robe (worn)
Scrolls
 d - a scroll of fear {unknown}
 f - a scroll of noise {unknown}
 h - a scroll of enchant weapon {unknown}
 i - a scroll of identify {unknown}
Comestibles
 e - 4 rations


   Skills:
 + Level 1.4 Short Blades
 + Level 3.3 Dodging
 + Level 4.7 Stealth
 + Level 3.0 Spellcasting
 * Level 4.1 Hexes
 * Level 0.4 Ice Magic


You had 4 spell levels left.
You knew the following spells:

 Your Spells              Type           Power        Failure   Level  Hunger
a - Corona                Hex            ###....      3%          1    #......
b - Ensorcelled Hibernat  Hex/Ice        #.....       11%         2    ##.....

Your spell library contained the following spells:

 Spells                   Type           Power        Failure   Level  Hunger
 Confuse                  Hex            ###.....     11%         3    ###....
 Tukima's Dance           Hex            ###.....     11%         3    ###....
 Dazzling Spray           Conj/Hex       #.....       24%         3    ###....


Dungeon Overview and Level Annotations

Branches:
Dungeon (2/15)

Altars:


Innate Abilities, Weirdness & Mutations

You are very small and have problems with some larger weapons.
You are too small for most types of armour.
You have supernaturally acute eyesight. (SInv)
You are a herbivore.
You cover ground extremely quickly.
You need to consume almost no food.


Message History

You feel sick. The adder closely misses you. The adder misses you.
You hit the adder.
The adder is heavily wounded.
The adder closely misses you.
You hit the adder.
The adder is severely wounded.
You feel sick. The adder closely misses you. The adder barely misses you.
You feel sick.
* * * LOW HITPOINT WARNING * * *
You feel sick.
The adder stops glowing.
* * * LOW HITPOINT WARNING * * *
You feel sick.
* * * LOW HITPOINT WARNING * * *
You feel sick.
It was a potion of flight.
You feel very buoyant.
You fly up into the air.
You die...

#.##.# #.# ###.###...... #.##.#
#.# ######...# #.####. #.##.# #.#
#........###.##### #.##.# #.#
#.####.#.......... #S##.# #.# #.#
#.#.......... #.##.# #.# #.#
#.#.####.#### ###.##.#
#.###.####.#.###.#.###
#......#####..........#.##.###.##
#.#.#.....S.....@######.#.## ##.#
....#.######.##### #....## ##.
#.###.# #.# #.#.#.## ##.. #.....#
#.##### #.#.##.###... #######
#.....# #.#.##..#.... #####.#
#.#.##.#.#... #.# #.#.##.###.#.
###.####.#.##.# #...
#...........#.#####.


You could see an adder.

Vanquished Creatures
  An adder (D:1)
  An ooze (D:1)
  A ball python (D:1)
  2 bats
  A giant cockroach (D:2)
  A goblin (D:2)
  A frilled lizard (D:1)
  A kobold (D:1)
  6 rats
15 creatures vanquished.

Notes
Turn   | Place    | Note
-------+----------+-------------------------------------------
     0 | D:1      | Gumption the Spriggan Enchanter began the quest for the
                  | Orb.
     0 | D:1      | Reached XP level 1. HP: 9/9 MP: 5/5
   138 | D:1      | Reached XP level 2. HP: 13/13 MP: 6/6
   142 | D:1      | Learned a level 2 spell: Ensorcelled Hibernation
  1468 | D:1      | Succumbed to an adder's poison

Skill      XL: |  1  2 |
---------------+-------+-----
Hexes          | 4 |  4.1
Spellcasting   | 3 |  3.0
Short Blades   | |  1.4
Dodging        | |  3.3
Stealth        | |  4.7
Ice Magic      | |  0.4

Action                   || total
-------------------------++-------
Melee: Dagger            ||    45
 Cast: Corona            ||     9
  Use: Potion            ||     1
 Stab: Sleeping          ||     7
Armor: Robe              ||     3
Dodge: Dodged            ||    36
